SNL (28 & UNDER)
BLACKIRON DRAGONS @ WEST VIRGINIA POWER
09/19/2024
 
TOP OF THE 1ST
BlackIron Dragons batting - Pitching for West Virginia Power : RHP Brad Flores
Pitching: RHP Brad Flores
Batting: RHB Boyd Pittman 0-0: Called Strike
0-1: Ball
1-1: Ball
2-1: SINGLE (Flyball, 78S)
Batting: RHB José Colón 0-0: Ball
1-0: Ball
2-0: Foul Ball, location: 2F
2-1: Foul Ball, location: 2F
2-2: Foul Ball, location: 2F
2-2: Foul Ball, location: 2F
2-2: Foul Ball, location: 2F
2-2: SINGLE (Groundball, 56D)
Boyd Pittman to second
Batting: RHB Gil Palmer 0-0: Ball
1-0: Ball
2-0: Called Strike
2-1: Ball
3-1: Foul Ball, location: 2F
3-2: Base on Balls
Boyd Pittman to third
José Colón to second
Batting: SHB Rick Turner 0-0: Ball
1-0: DOUBLE (Line Drive, 5D)
Boyd Pittman scores
José Colón scores
Gil Palmer to third
Batting: RHB Alfredo Rangel 0-0: Ball
1-0: Foul Ball, location: 2F
1-1: Foul Ball, location: 2F
1-2: Strikes out swinging
Batting: RHB Edgardo Carrasco 0-0: Called Strike
0-1: Swinging Strike
0-2: Strikes out swinging
Batting: LHB Donnie Cunningham 0-0: Called Strike
0-1: Ball
1-1: Ball
2-1: SINGLE (Flyball, 78S)
Gil Palmer scores
Rick Turner to third
Runner from 3rd tries for Home, SAFE, no throw or cutoff
Batting: LHB Culley Vaughan 0-0: Ball
Donnie Cunningham steals 2nd base
1-0: Ball
2-0: Called Strike
2-1: Swinging Strike
2-2: Ball
3-2: Ground out 5-3 (Groundball, 56S)
Top of the 1st over - 4 run(s), 4 hit(s), 0 error(s), 1 left on base; BlackIron 4 - West Virginia 0
BOTTOM OF THE 1ST
West Virginia Power batting - Pitching for BlackIron Dragons : RHP Bill McKinney
Pitching: RHP Bill McKinney
Batting: RHB Luis Encarnación 0-0: Fly out, F9 (Flyball, 9LMF)
Batting: SHB Edward Bartlett 0-0: Called Strike
0-1: Swinging Strike
0-2: Ball
1-2: Fly out, F6 (Popup, 6D)
Batting: RHB Roberto Tobías 0-0: Ball
1-0: Foul Ball, location: 2F
1-1: Foul Ball, location: 2F
1-2: Ball
2-2: Strikes out swinging
Bottom of the 1st over - 0 run(s), 0 hit(s), 0 error(s), 0 left on base; BlackIron 4 - West Virginia 0
TOP OF THE 2ND
BlackIron Dragons batting - Pitching for West Virginia Power : RHP Brad Flores
Batting: RHB Joaquín Rosales 0-0: Ball
1-0: Ball
2-0: Ground out 6-3 (Groundball, 6)
Batting: RHB Boyd Pittman 0-0: Swinging Strike
0-1: Ball
1-1: Ball
2-1: Swinging Strike
2-2: Foul Ball, location: 2F
2-2: Strikes out looking
Batting: RHB José Colón 0-0: Called Strike
0-1: Ball
1-1: Ball
2-1: Ball
3-1: Foul Ball, location: 2F
3-2: Ground out 5-3 (Groundball, 56)
Top of the 2nd over - 0 run(s), 0 hit(s), 0 error(s), 0 left on base; BlackIron 4 - West Virginia 0
BOTTOM OF THE 2ND
West Virginia Power batting - Pitching for BlackIron Dragons : RHP Bill McKinney
Batting: LHB Pablo Reyes 0-0: Ball
1-0: Ground out 6-3 (Groundball, 6)
Batting: RHB Tyler Baker 0-0: Ball
1-0: Ball
2-0: Called Strike
2-1: Ground out 5-3 (Groundball, 56S)
Batting: RHB Alden Isenhood 0-0: Ball
1-0: Swinging Strike
1-1: Foul Ball, location: 2F
1-2: Foul Ball, location: 2F
1-2: SINGLE (Line Drive, 56D)
Batting: LHB Bernardo Montés 0-0: Hit by Pitch
Alden Isenhood to second
Batting: LHB Héctor Cruz 0-0: Ball
1-0: Ball
2-0: Called Strike
2-1: Ground out 4-3 (Groundball, 4)
Bottom of the 2nd over - 0 run(s), 1 hit(s), 0 error(s), 2 left on base; BlackIron 4 - West Virginia 0
TOP OF THE 3RD
BlackIron Dragons batting - Pitching for West Virginia Power : RHP Brad Flores
Batting: RHB Gil Palmer 0-0: Swinging Strike
0-1: Foul Ball, location: 2F
0-2: SINGLE (Line Drive, 9LS)
Batting: SHB Rick Turner 0-0: Called Strike
0-1: Ball
1-1: Called Strike
1-2: Strikes out swinging
Gil Palmer steals 2nd base
Batter strikes out.
Batting: RHB Alfredo Rangel 0-0: Ball
1-0: Ball
Reached via error on a dropped throw, E3
Gil Palmer to third
Batting: RHB Edgardo Carrasco 0-0: Called Strike
0-1: Grounds into double play, 5-4-3 (Groundball, 56)
Top of the 3rd over - 0 run(s), 1 hit(s), 1 error(s), 1 left on base; BlackIron 4 - West Virginia 0
BOTTOM OF THE 3RD
West Virginia Power batting - Pitching for BlackIron Dragons : RHP Bill McKinney
Batting: RHB Gonzalo Gil 0-0: Called Strike
0-1: Ball
1-1: Fly out, F7 (Flyball, 78M)
Batting: RHB Luis Encarnación 0-0: Called Strike
0-1: Swinging Strike
0-2: SINGLE (Groundball, 6MD)
Batting: SHB Edward Bartlett 0-0: Fly out, F7 (Flyball, 78M)
Batting: RHB Roberto Tobías 0-0: Called Strike
0-1: Called Strike
Luis Encarnación steals 2nd base
0-2: Strikes out looking
Bottom of the 3rd over - 0 run(s), 1 hit(s), 0 error(s), 1 left on base; BlackIron 4 - West Virginia 0
TOP OF THE 4TH
BlackIron Dragons batting - Pitching for West Virginia Power : RHP Brad Flores
Batting: LHB Donnie Cunningham 0-0: Ball
1-0: DOUBLE (Flyball, 89M)
Batting: LHB Culley Vaughan 0-0: Ball
1-0: Foul Ball, location: 2F
1-1: Foul Ball, location: 2F
1-2: Foul Ball, location: 2F
1-2: Ball
2-2: Strikes out swinging
Batting: RHB Joaquín Rosales 0-0: Foul Ball, location: 2F
0-1: Ball
1-1: Fly out, F3 (Line Drive, 3)
1-1: Fly out, F3 (Line Drive, 3)
Batting: RHB Boyd Pittman 0-0: Foul Ball, location: 2F
0-1: Ball
1-1: Foul Ball, location: 2F
1-2: Strikes out swinging
Top of the 4th over - 0 run(s), 1 hit(s), 0 error(s), 1 left on base; BlackIron 4 - West Virginia 0
BOTTOM OF THE 4TH
West Virginia Power batting - Pitching for BlackIron Dragons : RHP Bill McKinney
Batting: LHB Pablo Reyes 0-0: DOUBLE (Line Drive, 78M)
Batting: RHB Tyler Baker 0-0: Called Strike
0-1: Ball
1-1: Ground out U3 (Groundball, 3)
Pablo Reyes to third
Batting: RHB Alden Isenhood 0-0: Foul Ball, location: 2F
0-1: Fly out, F9 (Flyball, 89S)
Batting: LHB Bernardo Montés 0-0: Ball
1-0: Swinging Strike
1-1: Foul Ball, location: 2F
1-2: Strikes out swinging
Bottom of the 4th over - 0 run(s), 1 hit(s), 0 error(s), 1 left on base; BlackIron 4 - West Virginia 0
TOP OF THE 5TH
BlackIron Dragons batting - Pitching for West Virginia Power : RHP Brad Flores
Batting: RHB José Colón 0-0: Called Strike
0-1: SINGLE (Line Drive, 89S)
Batting: RHB Gil Palmer 0-0: Ball
1-0: Called Strike
1-1: Fly out, F7 (Flyball, 7LMF)
Batting: SHB Rick Turner 0-0: Called Strike
0-1: Ball
1-1: Swinging Strike
1-2: Strikes out swinging
Batting: RHB Alfredo Rangel 0-0: Called Strike
0-1: Foul Ball, location: 2F
0-2: Ground out 6-3 (Groundball, 6)
Top of the 5th over - 0 run(s), 1 hit(s), 0 error(s), 1 left on base; BlackIron 4 - West Virginia 0
BOTTOM OF THE 5TH
West Virginia Power batting - Pitching for BlackIron Dragons : RHP Bill McKinney
Batting: LHB Héctor Cruz 0-0: Ball
1-0: Ball
2-0: Called Strike
2-1: Foul Ball, location: 2F
2-2: Ball
3-2: Fly out, F9 (Flyball, 89M)
Batting: RHB Gonzalo Gil 0-0: Called Strike
0-1: Ball
1-1: Ball
2-1: Ball
3-1: Swinging Strike
3-2: Foul Ball, location: 2F
3-2: Strikes out looking
Batting: RHB Luis Encarnación 0-0: Ball
1-0: Fly out, F6 (Popup, 5D)
Bottom of the 5th over - 0 run(s), 0 hit(s), 0 error(s), 0 left on base; BlackIron 4 - West Virginia 0
TOP OF THE 6TH
BlackIron Dragons batting - Pitching for West Virginia Power : RHP Brad Flores
Batting: RHB Edgardo Carrasco 0-0: Swinging Strike
0-1: Ground out 4-3 (Groundball, 34)
Batting: LHB Donnie Cunningham 0-0: Foul Ball, location: 2F
0-1: Swinging Strike
0-2: Foul Ball, location: 2F
0-2: Strikes out swinging
Batting: LHB Culley Vaughan 0-0: Called Strike
0-1: Ball
1-1: Ball
2-1: Ball
3-1: Base on Balls
Pitching: RHP Rafael Trujillo
Batting: RHB Joaquín Rosales 0-0: Ball
1-0: Foul Ball, location: 2F
1-1: Called Strike
1-2: Strikes out swinging
Top of the 6th over - 0 run(s), 0 hit(s), 0 error(s), 1 left on base; BlackIron 4 - West Virginia 0
BOTTOM OF THE 6TH
West Virginia Power batting - Pitching for BlackIron Dragons : RHP Bill McKinney
Batting: SHB Edward Bartlett 0-0: Ball
1-0: Ball
2-0: Called Strike
2-1: Fly out, F9 (Flyball, 9M)
Batting: RHB Roberto Tobías 0-0: Ball
1-0: Ball
2-0: Foul Ball, location: 2F
2-1: Swinging Strike
2-2: Ground out U3 (Groundball, 3S)
Batting: LHB Pablo Reyes 0-0: SINGLE (Line Drive, 34)
Batting: RHB Tyler Baker 0-0: Ground out U3 (Groundball, 3)
Bottom of the 6th over - 0 run(s), 1 hit(s), 0 error(s), 1 left on base; BlackIron 4 - West Virginia 0
TOP OF THE 7TH
BlackIron Dragons batting - Pitching for West Virginia Power : RHP Rafael Trujillo
Batting: RHB Boyd Pittman 0-0: Ball
1-0: Ball
2-0: Ball
3-0: Base on Balls
Batting: RHB José Colón 0-0: Reached on error, E6 (Groundball, 6)
Boyd Pittman to second
Batting: RHB Gil Palmer 0-0: Called Strike
0-1: Grounds into double play, 6-4-3 (Groundball, 6)
Boyd Pittman to third
Batting: SHB Rick Turner 0-0: Ball
1-0: Foul Ball, location: 2F
1-1: Ball
2-1: Ball
3-1: Base on Balls
Batting: RHB Alfredo Rangel 0-0: Swinging Strike
0-1: Called Strike
0-2: Ball
1-2: Ball
2-2: Ball
3-2: Strikes out swinging
Top of the 7th over - 0 run(s), 0 hit(s), 1 error(s), 2 left on base; BlackIron 4 - West Virginia 0
BOTTOM OF THE 7TH
West Virginia Power batting - Pitching for BlackIron Dragons : RHP Bill McKinney
Batting: RHB Alden Isenhood 0-0: Ball
1-0: Called Strike
1-1: Called Strike
1-2: Ball
2-2: SINGLE (Line Drive, 8LS)
Batting: LHB Bernardo Montés 0-0: Called Strike
Alden Isenhood steals 2nd base
0-1: Fly out, F8 (Flyball, 8RXD)
Runner from 2nd tags up, SAFE at 3rd, no throw
Batting: LHB Héctor Cruz 0-0: Foul Ball, location: 2F
0-1: Foul Ball, location: 2F
0-2: Ball
1-2: Ground out 1-3 (Groundball, 15)
Batting: RHB Gonzalo Gil 0-0: Called Strike
0-1: Foul Ball, location: 2F
0-2: Ball
1-2: SINGLE (Line Drive, 56)
Alden Isenhood scores
Pitching: RHP Juan Gutiérrez
Batting: RHB Luis Encarnación 0-0: Called Strike
Gonzalo Gil steals 2nd base
0-1: Swinging Strike
0-2: Ball
1-2: Strikes out looking
Bottom of the 7th over - 1 run(s), 2 hit(s), 0 error(s), 1 left on base; BlackIron 4 - West Virginia 1
TOP OF THE 8TH
BlackIron Dragons batting - Pitching for West Virginia Power : RHP Rafael Trujillo
Batting: RHB Edgardo Carrasco 0-0: Called Strike
0-1: Swinging Strike
0-2: Ball
1-2: Strikes out swinging
Batting: LHB Donnie Cunningham 0-0: Called Strike
0-1: Called Strike
0-2: Ball
1-2: Strikes out swinging
Batting: LHB Culley Vaughan 0-0: Called Strike
0-1: Foul Ball, location: 2F
0-2: Foul Ball, location: 2F
0-2: SINGLE (Line Drive, 8LS)
Batting: RHB Joaquín Rosales 0-0: Ball
1-0: Called Strike
1-1: Ball
2-1: Foul Ball, location: 2F
2-2: Strikes out looking
Top of the 8th over - 0 run(s), 1 hit(s), 0 error(s), 1 left on base; BlackIron 4 - West Virginia 1
BOTTOM OF THE 8TH
West Virginia Power batting - Pitching for BlackIron Dragons : RHP Juan Gutiérrez
Batting: SHB Edward Bartlett 0-0: Called Strike
0-1: Fly out, F8 (Flyball, 8LM)
Batting: RHB Roberto Tobías 0-0: Called Strike
0-1: Ball
1-1: Foul Ball, location: 2F
1-2: Ground out 3-1 (Groundball, 3)
Batting: LHB Pablo Reyes 0-0: Swinging Strike
0-1: Called Strike
0-2: Ball
1-2: Foul Ball, location: 2F
1-2: Strikes out swinging
Bottom of the 8th over - 0 run(s), 0 hit(s), 0 error(s), 0 left on base; BlackIron 4 - West Virginia 1
TOP OF THE 9TH
BlackIron Dragons batting - Pitching for West Virginia Power : RHP Rafael Trujillo
Batting: RHB Boyd Pittman 0-0: Called Strike
0-1: Ball
1-1: Called Strike
1-2: Strikes out looking
Batting: RHB José Colón 0-0: Ground out 5-3 (Groundball, 5L)
Pitching: RHP Howard Joyce
Batting: RHB Gil Palmer 0-0: Foul Ball, location: 2F
0-1: Foul Ball, location: 2F
0-2: Ball
1-2: Strikes out looking
Top of the 9th over - 0 run(s), 0 hit(s), 0 error(s), 0 left on base; BlackIron 4 - West Virginia 1
BOTTOM OF THE 9TH
West Virginia Power batting - Pitching for BlackIron Dragons : RHP Juan Gutiérrez
Pitching: RHP Eduardo Delgado
Batting: RHB Tyler Baker 0-0: Foul Ball, location: 2F
0-1: Called Strike
0-2: DOUBLE (Groundball, 3L)
Batting: RHB Alden Isenhood 0-0: Ball
1-0: Called Strike
1-1: Foul Ball, location: 2F
1-2: Ball
2-2: Foul Ball, location: 2F
2-2: SINGLE (Groundball, 5D)
Tyler Baker to third
Pinch Hitting: LHB Luis Espinoza 0-0: SINGLE (Line Drive, 56)
Tyler Baker scores
Alden Isenhood to second
Pinch Hitting: RHB Lorenzo Guzmán 0-0: SINGLE (Groundball, 4MD)
Alden Isenhood to third
Luis Espinoza to second
Pinch Hitting: RHB Juan Alberto 0-0: Grounds into double play, 6-4-3 (Groundball, 6)
Alden Isenhood scores
Luis Espinoza to third
Pinch Hitting: RHB Ben Dougherty 0-0: Swinging Strike
0-1: Ball
1-1: Fly out, F8 (Flyball, 8LD)
Bottom of the 9th over - 2 run(s), 4 hit(s), 0 error(s), 1 left on base; BlackIron 4 - West Virginia 3
This league is powered by Out of the Park Baseball, the baseball management simulation game for PC, Mac and Linux
Saturday, April 9th, 2016 - OOTP Baseball 16.8 Build 38